Map: Ruins of Seras

Players

wacK

  • Race: Protoss Protoss

wabbajack - Winner!

  • Race: Zerg Zerg
  • League: Grandmaster

VOD

Have the link to the VOD?

Description

Time

  • Played on: July 14, 2015, 3:49 p.m.
  • Length: 6:43
Show
View Real Time Build Order
Export as new Build Order

wacK Protoss 

Build Orders:  

Get SALT Encoding   

  12  0:02  Probe  
  13  0:15  Pylon  
  13  0:18  Probe  
  14  0:33  Probe  
  15  0:38  Gateway  
  15  0:45  Probe (Chrono Boost)  
  16  0:52  Assimilator  
  16  0:55  Probe (Chrono Boost)  
  17  1:02  Probe  
  18  1:13  Pylon  
  18  1:14  Probe (Chrono Boost)  
  19  1:25  Probe (Chrono Boost)  
  20  1:26  Cybernetics Core  
  20  1:31  Probe  
  21  1:42  Gateway  
  21  1:43  Probe  
  21  1:47  Assimilator  
  22  1:55  Probe  
  23  2:03  Adept  
  23  2:04  Warp Gate (Chrono Boost)  
  23  2:07  Probe (Chrono Boost)  
  26  2:20  Mothership Core (Chrono Boost)  
  28  2:27  Pylon  
  28  2:32  Adept  
  30  2:45  Adept  
  32  2:53  Pylon  
  32  3:03  Adept  
  33  3:38  Nexus  
  33  3:41  Pylon  
  33  3:46  Adept x2  
  29  4:18  Forge  
  29  4:22  Robotics Facility  
  29  4:25  Gateway, Adept x2  
  29  4:26  Gateway  
  29  4:29  Probe  
  34  4:41  Probe  
  33  4:54  Zealot x2  
  26  5:12  Zealot  
  24  5:14  Adept  
  23  5:26  Stalker  
  22  5:42  Probe x2  
  24  5:59  Probe  
  25  6:06  Observer (Chrono Boost)  
  26  6:11  Probe  
  26  6:15  Probe  
  28  6:21  Observer (Chrono Boost)  
  29  6:26  Probe  
  29  6:27  Probe  
  29  6:32  Zealot  
Show
View Real Time Build Order
Export as new Build Order

wabbajack Zerg - Winner!

Build Orders: Hatch First 

Get SALT Encoding   

  12  0:03  Drone  
  13  0:10  Drone  
  14  0:23  Drone, Extractor  
  14  0:27  Drone, Extractor  
  15  0:48  Hatchery  
  14  0:55  Overlord  
  14  1:00  Drone, Extractor  
  15  1:20  Spawning Pool  
  14  1:29  Evolution Chamber  
  13  1:33  Drone  
  13  1:35  Drone  
  15  1:42  Drone  
  16  1:53  Drone  
  17  1:56  Zerg Melee Weapons Level 1  
  17  2:07  Queen  
  19  2:15  Metabolic Boost  
  19  2:25  Queen  
  21  2:31  Drone  
  21  2:32  Drone  
  21  2:37  Drone x2  
  25  2:43  Overlord  
  25  2:51  Drone x2  
  27  2:57  Zergling x2  
  28  3:00  Overlord  
  28  3:13  Zergling x6  
  31  3:28  Zergling x2  
  31  3:29  Zergling x10  
  31  3:32  Overlord  
  37  3:36  Overlord  
  37  3:43  Spine Crawler  
  37  3:47  Spine Crawler  
  28  4:11  Zergling x20  
  28  4:12  Zergling x4  
  28  4:16  Drone  
  41  4:38  Hatchery  
  25  5:30  Queen  
  25  5:33  Drone x3  
  25  5:34  Drone x6  
  25  5:35  Drone x2  
  38  5:47  Zergling x16  
  38  5:48  Zergling x2  
  47  5:55  Queen  
  49  5:57  Overlord  
  49  6:06  Zergling x2  
  49  6:07  Zergling x10  
Tags
 
Add a new tag
Caveats
  • Supply blocks, unpowered buildings, or Contaminate may cause inaccurate times.
  • Supply counts are checked every 10 seconds.